 Dungeon Crawl Stone Soup version 0.25.1-2-g60ff931df9 (webtiles) character file.

Game seed: 6611326913252342332

1355 solopath the Frost Mage (level 8, -3/52 HPs)
             Began as a Barachi Ice Elementalist on Nov 2, 2020.
             Slain by a wight
             ... wielding a +7 halberd of freezing
              (5 damage)
             ... on level 6 of the Dungeon on Nov 3, 2020.
             The game lasted 00:17:33 (6825 turns).

solopath the Frost Mage (Barachi Ice Elementalist)  Turns: 6825, Time: 00:17:34

Health: -3/52      AC:  6    Str: 10    XL:     8   Next: 63%
Magic:  4/15       EV: 12    Int: 23    God:
Gold:   320        SH:  5    Dex: 13    Spells: 2/17 levels left

rFire    . . .     SeeInvis .   x - +1 dagger (speed)
rCold    . . .     Gourm    .   (no shield)
rNeg     . . .     Faith    .   a - +0 robe
rPois    .         Spirit   .   r - +0 helmet
rElec    .         Reflect  +   d - +2 cloak {Stlth+}
rCorr    .         Harm     .   (no gloves)
MR       .....                  (no boots)
Stlth    +++.......             i - amulet of reflection
HPRegen  0.17/turn              o - +6 ring of intelligence
MPRegen  0.14/turn              (no ring)

@: can't hop, frozen ramparts, hasted, lightly drained, quick
A: +LOS, swims, slowness 1, strong legs 1
a: Hop


You were on level 6 of the Dungeon.
You were very hungry.

You visited 1 branch of the dungeon, and saw 6 of its levels.
You also visited: Sewer.

You collected 320 gold pieces.

Inventory:

Hand Weapons
 h - a +0 spear
 s - a +0 dagger
 x - a +1 dagger of speed (weapon)
Missiles
 q - 14 javelins (quivered)
Armour
 a - a +0 robe (worn)
 d - a +2 cloak of stealth (worn)
 r - a +0 helmet (worn)
Jewellery
 i - an amulet of reflection (around neck)
 o - a +6 ring of intelligence (left hand)
 D - a cursed ring of teleportation {unknown}
Wands
 p - a wand of iceblast (9)
Scrolls
 b - 5 scrolls of identify
 f - a scroll of amnesia
 g - 2 scrolls of enchant weapon
 l - a scroll of magic mapping
 n - 3 scrolls of remove curse {unknown}
 u - a scroll of teleportation {unknown}
 v - a scroll of fog {unknown}
 w - a scroll of blinking {unknown}
 y - a scroll of fear {unknown}
 E - a scroll of silence {unknown}
Potions
 e - a potion of ambrosia
 j - 2 potions of flight {unknown}
 k - a potion of mutation {unknown}
 t - 5 potions of curing {unknown}
 z - a potion of degeneration
 A - a potion of cancellation {unknown}
 B - 2 potions of might {unknown}
 C - a potion of brilliance {unknown}
Comestibles
 c - 3 rations


   Skills:
 + Level 1.8(1.5) Short Blades
 - Level 2.1(1.8) Dodging
 + Level 5.0(4.7) Stealth
 + Level 5.2(4.9) Spellcasting
 + Level 2.8(2.5) Summonings
 * Level 9.5(9.2) Ice Magic


You had 2 spell levels left.
You knew the following spells:

 Your Spells              Type           Power        Failure   Level  Hunger
a - Freeze                Ice            ####         1%          1    None
b - Frozen Ramparts       Ice            #####.       1%          3    ##.....
c - Hailstorm             Conj/Ice       ####....     14%         4    ####...
d - Ozocubu's Armour      Chrm/Ice       ####....     4%          3    ##.....
e - Summon Ice Beast      Ice/Summ       ####....     9%          4    ####...

Your spell library contained the following spells:

 Spells                   Type           Power        Failure   Level  Hunger


Dungeon Overview and Level Annotations

Branches:
Dungeon (6/15)             Temple (0/1) D:5           Sewer (visited)

Altars:
Ashenzari
Zin

Annotations:
D:6 1 runed translucent door, ew1980's ghost, novice MiFi


Innate Abilities, Weirdness & Mutations

You can be seen from farther away. (+LOS)
You can swim through water.
You cover ground slowly.
You can hop short distances.


Message History

The wight closely misses your ice beast.
Your ice beast hits the wight.
Your ice beast freezes the wight.
The wight resists.
The wight is destroyed!
The wight completely resists.
The wall freezes the wight but do no damage.
The wight misses you.
There is a stone staircase leading up here.
You closely miss the wight.
The wight completely resists.
The wall freezes the wight but do no damage.
The wight hits you with a cursed +4 hand axe!
* * * LOW HITPOINT WARNING * * *
The wight hits your ice beast with a cursed +4 hand axe!
The wight drains your ice beast.
Unknown command.
You feel yourself speed up.
Your ice beast hits the wight but does no damage.
The wight resists.
The wall freezes the wight.
The wight hits you from afar with a +7 halberd of freezing.
You die...

...,** ##..,* ..###* #....#
.....##* ##...?####*####
.......#*#........#....#
..#.....###.......#....#
.........#.....#......###*
..............##.........**
..............z#)........,*
..............)z@........,*
...............Y#.....##.**
............###########*,*
....##......#F≈≈S≈≈≈≈≈*,,*
.........#..+WS≈≈$F≈≈≈+,,*
.......)###.#F≈s≈≈w≈≈≈*,**
....##...#*.#######******
.....#...###......,*
.................,**


You could see 2 wights and a friendly ice beast (summoned, drained).

Vanquished Creatures
  Edmund (D:4)
  A black bear (D:5)
  2 ogres
  A big kobold (Sewer)
  A wight (D:6)
  A bullfrog skeleton (D:4)
  4 orc priests
  Crazy Yiuf (D:3)
  3 hounds
  An iguana (D:6)
  Jessica (D:3)
  2 orc wizards
  5 worker ants (D:4)
  Robin (D:3)
  4 gnolls
  4 adders
  A river rat (Sewer)
  An ooze (D:3)
  6 worms
  2 dart slugs
  6 leopard geckos
  22 orcs
  12 bats
  6 giant cockroaches
  11 goblins
  13 hobgoblins
  8 jackals
  10 kobolds
  2 quokkas
  2 ball pythons
  8 frilled lizards
  A leopard gecko skeleton (D:4)
  A quokka skeleton (D:4)
  15 rats
160 creatures vanquished.

Vanquished Creatures (collateral kills)
  An ice beast (D:5)
  A wight (D:6)
  A gnoll (D:6)
  An orc (D:6)
4 creatures vanquished.

Grand Total: 164 creatures vanquished

Notes
Turn   | Place    | Note
-------+----------+-------------------------------------------
     0 | D:1      | solopath the Barachi Ice Elementalist began the quest for
                  | the Orb.
     0 | D:1      | Reached XP level 1. HP: 13/13 MP: 3/3
    75 | D:1      | Reached skill level 5 in Ice Magic
   108 | D:1      | Reached XP level 2. HP: 14/19 MP: 0/5
   345 | D:1      | Reached XP level 3. HP: 24/24 MP: 4/6
  1252 | D:2      | Learned a level 3 spell: Frozen Ramparts
  1286 | D:2      | Reached XP level 4. HP: 30/30 MP: 6/8
  1661 | D:2      | Reached skill level 6 in Ice Magic
  1936 | D:2      | Reached XP level 5. HP: 35/35 MP: 7/9
  2164 | D:3      | Learned a level 4 spell: Hailstorm
  2425 | D:3      | Found a runed translucent door.
  2426 | D:3      | Noticed Crazy Yiuf
  2452 | D:3      | Found a faded altar of an unknown god.
  2594 | D:3      | Noticed Jessica
  2600 | D:3      | Killed Jessica
  2699 | D:3      | Noticed Robin
  2713 | D:3      | Reached XP level 6. HP: 35/41 MP: 7/11
  2723 | D:3      | Killed Robin
  2723 | D:3      | Reached skill level 7 in Ice Magic
  2844 | D:3      | Found a glowing silver altar of Zin.
  3211 | D:3      | Killed Crazy Yiuf
  3643 | D:4      | Noticed Edmund
  3777 | D:4      | Killed Edmund
  3777 | D:4      | Reached XP level 7. HP: 39/46 MP: 4/13
  3894 | D:4      | Reached skill level 8 in Ice Magic
  5172 | D:5      | Entered Level 5 of the Dungeon
  5177 | D:5      | Learned a level 3 spell: Ozocubu's Armour
  5182 | D:5      | Learned a level 4 spell: Summon Ice Beast
  5415 | D:5      | Reached skill level 1 in Summonings
  5416 | D:5      | Reached XP level 8. HP: 52/52 MP: 10/15
  5492 | D:5      | Found a staircase to the Ecumenical Temple.
  5565 | D:5      | Found a shattered altar of Ashenzari.
  5603 | D:5      | Reached skill level 9 in Ice Magic
  6183 | D:6      | Reached skill level 5 in Spellcasting
  6192 | D:5      | Reached skill level 1 in Short Blades
  6288 | D:6      | Found a glowing drain.
  6320 | Sewer    | Entered a sewer
  6509 | Sewer    | Reached skill level 5 in Stealth
  6688 | Sewer    | Found a glowing silver altar of Zin.
  6799 | D:6      | Found a runed translucent door.
  6800 | D:6      | Noticed ew1980's ghost (novice MiFi)
  6824 | D:6      | HP: 2/52 [wight/cursed +4 hand axe (9)]
  6825 | D:6      | Slain by a wight

Illustrated notes

Levels and vault maps discovered:
D:1:      dpeg_arrival_court, layout_rooms
D:2:      layout_loops_ring, minmay_tree_intersection,
          wander_ebering_terrifying_dragon_lair
D:3:      layout_basic, lemuel_doored_altar, first_ration,
          chequers_ecumenical_altar_simple_redux, uniq_robin, uniq_jessica,
          uniq_crazy_yiuf_cottage
D:4:      layout_layer_cave, nicolae_overflow_hidden_temple, uniq_edmund
D:5:      layout_gridville, minmay_temple_entry_statues,
          nicolae_ashenzari_panopticon
D:6:      layout_cave_pools, minitemple, grunt_dithmenos_smoke,
          ebering_ghost_sewer_f, cheibrodos_sewer_entry_drain

Skill      XL: |  1  2  3  4  5  6  7  8 |
---------------+-------------------------+-----
Ice Magic      | 5 6 7 8 9 |  9.5
Stealth        | 2 3 4 5 |  5.0
Spellcasting   | 3 4 5 |  5.2
Summonings     | 1 2 |  2.8
Short Blades   | 1 |  1.8
Dodging        | |  2.1

Action                   |  1- 3 |  4- 6 |  7- 9 || total
-------------------------+-------+-------+-------++-------
Melee: Unarmed           |     6 |       |       ||     6
       Spear             |    20 |     2 |       ||    22
       Dagger            |       |    65 |   138 ||   203
Throw: Javelin           |       |    11 |    13 ||    24
 Cast: Freeze            |    38 |    62 |    30 ||   130
       Frozen Ramparts   |       |     9 |    17 ||    26
       Summon Ice Beast  |       |       |     4 ||     4
       Ozocubu's Armour  |       |       |     1 ||     1
 Abil: Hop               |       |     4 |     2 ||     6
  Use: Scroll            |       |       |     5 ||     5
       Potion            |       |       |     3 ||     3
 Stab: Sleeping          |     5 |     7 |     3 ||    15
  Eat: Chunk             |     2 |     9 |    11 ||    22
Armor: Robe              |     8 |    17 |    18 ||    43
Dodge: Dodged            |    20 |    67 |    58 ||   145
Block: Other             |       |       |    18 ||    18
       Reflection        |       |       |     2 ||     2
